 Dungeon Crawl Stone Soup version 0.22-a0-40-g3d2f077 (webtiles) character file.

1036 FRamirez the Chopper (level 8, 0/69 HPs)
             Began as a Minotaur Fighter on Jan 4, 2018.
             Was an Initiate of Okawaru.
             Slain by a water moccasin (5 damage)
             ... while paralysed by a hornet
             ... on level 6 of the Dungeon.
             The game lasted 00:24:16 (4716 turns).

FRamirez the Chopper (Minotaur Fighter)             Turns: 4716, Time: 00:24:17

Health: 0/69       AC:  7    Str: 21 (24) XL:     8   Next: 3%
Magic:  0/7        EV:  2    Int:  3 (5)  God:    Okawaru [......]
Gold:   280        SH:  0    Dex:  6 (9)  Spells: 7/7 levels left

rFire    . . .     SeeInvis .   a - +1 war axe
rCold    . . .     Gourm    .   c - +0 shield
rNeg     . . .     Faith    .   b - +0 scale mail
rPois    .         Spirit   +   (helmet restricted)
rElec    .         Reflect  .   p - scarf {Spirit}
rCorr    .         Harm     .   (no gloves)
MR       .....                  (no boots)
Stlth    ..........             (no amulet)
HPRegen  0.21/turn              (no ring)
MPRegen  0.10/turn              (no ring)

@: paralysed, lethally poisoned (0 -> -42), slowed
A: retaliatory headbutt, horns 2
a: Renounce Religion


You were on level 6 of the Dungeon.
You worshipped Okawaru.
Okawaru was noncommittal.
You were not hungry.

You visited 2 branches of the dungeon, and saw 7 of its levels.

You collected 280 gold pieces.

Inventory:

Hand Weapons
 a - a +1 war axe (weapon)
Armour
 b - a +0 scale mail (worn)
 c - a +0 shield (worn)
 l - a +0 cloak
 p - a scarf of spirit shield (worn)
Jewellery
 n - the ring of Dugootoina {rF+ MR+ Int-4 Dex+4 SInv, unknown}
   (You found it on level 5 of the Dungeon)

   [ring of see invisible]

   It affects your intelligence (-4).
   It affects your dexterity (+4).
   It protects you from fire.
   It affects your resistance to hostile enchantments.
   It lets you see invisible.
Scrolls
 i - a scroll of fog
 q - 2 scrolls of identify
 u - a scroll of teleportation
Potions
 d - a potion of might
 e - a potion of curing
 g - a potion of agility {unknown}
 k - a potion of heal wounds
 m - a potion of brilliance {unknown}
 r - a potion of lignification {unknown}
 t - a potion of haste {unknown}
Books
 h - a book of Cantrips

   Spells                             Type                      Level
   a - Confusing Touch                Hexes                        1
   b - Animate Skeleton               Necromancy                   1
   c - Summon Small Mammal            Summoning                    1
   d - Apportation                    Translocation                1
 o - a book of Callings

   Spells                             Type                      Level
   a - Summon Small Mammal            Summoning                    1
   b - Call Imp                       Summoning                    2
   c - Call Canine Familiar           Summoning                    3
   d - Summon Guardian Golem          Hexes/Summoning              3
   e - Summon Lightning Spire         Summoning/Air                4
   f - Summon Ice Beast               Ice/Summoning                4
Comestibles
 f - 15 rations
 s - a chunk of flesh


   Skills:
 + Level 5.5 Fighting
 + Level 7.5 Axes
 + Level 6.0 Armour
 + Level 1.5 Dodging
 + Level 0.5 Stealth
 + Level 6.3 Shields


You had 7 spell levels left.
You didn't know any spells.

Dungeon Overview and Level Annotations

Branches:
Dungeon (6/15)             Temple (1/1) D:5

Altars:
Makhleb
Okawaru
Qazlal
Ru
Trog
Vehumet
Wu Jian
Yredelemnul
The Shining One


Innate Abilities, Weirdness & Mutations

You reflexively headbutt those who attack you in melee.
You have a pair of horns on your head.


Message History

The hornet stings you!
You are more poisoned.
You feel as though you will be slow longer.
The water moccasin bites you but does no damage.
You are too injured to fight recklessly!
You slash the water moccasin!
The water moccasin is heavily wounded.
You hit the hornet but do no damage.
You feel very sick. The hornet stings you!
* * * LOW HITPOINT WARNING * * *
You are more poisoned.
You feel as though you will be slow longer.
The water moccasin bites you.
* * * LOW HITPOINT WARNING * * *
The hornet stings you!
* * * LOW HITPOINT WARNING * * *
You are more poisoned.
You suddenly lose the ability to move!
The water moccasin bites you.
You die...

#.# #.. #!. ...
..##.## .....## #
..... #.#.(< #..yS#
#@# #.# #.# #+#
#.#########.#
###.##.....##.#
#..........##.##
#.#.#...##.#...##
#.#.#...##......####
#.#.................


You could see a hornet and a water moccasin.

Vanquished Creatures
  An ogre (D:5)
  A centaur (D:2)
  2 bullfrogs
  A scorpion (D:4)
  2 howler monkeys
  A bullfrog zombie (D:5)
  3 hounds
  A jelly (D:5)
  Crazy Yiuf (D:2)
  An orc priest (D:4)
  A bullfrog skeleton (D:5)
  A centaur skeleton (D:4)
  An iguana (D:4)
  3 orc wizards (D:4)
  2 worker ants (D:4)
  2 hound skeletons (D:5)
  A howler monkey skeleton (D:5)
  3 gnolls (D:4)
  4 adders
  A shadow imp (D:5)
  An ooze (D:5)
  2 worms
  3 dart slugs
  6 leopard geckos
  7 orcs
  3 giant cockroaches
  3 goblins
  10 hobgoblins
  9 jackals (D:3)
  3 quokkas
  6 bats
  4 frilled lizards
  2 kobolds (D:3)
  A leopard gecko skeleton (D:5)
  2 rats (D:2)
95 creatures vanquished.

Vanquished Creatures (others)
  4 toadstools (D:1)
4 creatures vanquished.

Grand Total: 99 creatures vanquished

Notes
Turn   | Place    | Note
-------+----------+-------------------------------------------
     0 | D:1      | FRamirez the Minotaur Fighter began the quest for the Orb.
     0 | D:1      | Reached XP level 1. HP: 19/19 MP: 0/0
   149 | D:1      | Reached XP level 2. HP: 27/27 MP: 1/1
   660 | D:2      | Noticed a centaur
   667 | D:2      | Killed a centaur
   667 | D:2      | Reached skill level 3 in Axes
   667 | D:2      | Reached XP level 3. HP: 6/34 MP: 2/2
   667 | D:2      | Reached XP level 4. HP: 7/41 MP: 3/3
  1067 | D:2      | Found a stormy altar of Qazlal.
  1110 | D:2      | Learned a level 1 spell: Summon Small Mammal
  1150 | D:2      | Found a runed door.
  1335 | D:2      | Reached XP level 5. HP: 47/47 MP: 4/4
  1499 | D:2      | Noticed Crazy Yiuf
  1502 | D:2      | Killed Crazy Yiuf
  1502 | D:2      | Reached skill level 4 in Axes
  1502 | D:2      | Reached skill level 5 in Armour
  1667 | D:3      | Found a burning altar of Makhleb.
  1669 | D:3      | Found a radiant altar of Vehumet.
  1669 | D:3      | Found a basalt altar of Yredelemnul.
  2341 | D:4      | Reached skill level 5 in Shields
  2352 | D:4      | Reached XP level 6. HP: 24/53 MP: 5/5
  2718 | D:4      | Found a glowing golden altar of the Shining One.
  2761 | D:4      | Reached skill level 5 in Axes
  2989 | D:4      | Reached XP level 7. HP: 57/60 MP: 6/6
  2995 | D:4      | Reached skill level 6 in Axes
  3153 | D:4      | Reached skill level 5 in Fighting
  3153 | D:4      | Reached skill level 1 in Dodging
  3330 | D:5      | Entered Level 5 of the Dungeon
  3915 | D:5      | Reached skill level 7 in Axes
  4008 | D:5      | Got a smoking golden ring
  4029 | D:5      | Found a staircase to the Ecumenical Temple.
  4038 | Temple   | Entered the Ecumenical Temple
  4054 | Temple   | Became a worshipper of Warmaster Okawaru
  4554 | D:6      | Reached XP level 8. HP: 49/69 MP: 4/7
  4708 | D:6      | Noticed a hornet
  4716 | D:6      | Paralysed by a hornet for 3 turns
  4716 | D:6      | Slain by a water moccasin

Vault maps used:
D:1:      ldierk_walled_garden_2
D:2:      grunt_qazlal_clouds, uniq_crazy_yiuf_cottage
D:3:      grunt_temple_overflow_open
D:4:      tso_metal_star
D:5:      lemuel_temple_firewalk_b, first_ration
D:6:      kennysheep_mini, eino_tiny_chamber
Temple:   jpeg_temple_clearing

Skill      XL: |  1  2  3  4  5  6  7 |
---------------+----------------------+-----
Fighting       | 4 5 |  5.5
Axes           | 3 4 5 7 |  7.5
Armour         | 4 5 6 |  6.0
Shields        | 4 5 6 |  6.3
Dodging        | 1 |  1.5
Stealth        | |  0.5

Action                   |  1- 3 |  4- 6 |  7- 9 || total
-------------------------+-------+-------+-------++-------
Melee: War axe           |    26 |   138 |    85 ||   249
       Headbutt          |     6 |    28 |    16 ||    50
  Use: Scroll            |     2 |     3 |     3 ||     8
       Potion            |     2 |       |     2 ||     4
  Eat: Chunk             |       |     6 |     6 ||    12
Armor: Scale mail        |    14 |    50 |    38 ||   102
Dodge: Dodged            |    10 |    50 |    25 ||    85
Block: Shield            |    17 |    65 |    39 ||   121

Table legend:
 A = Spawn XP
 B = Non-spawn XP
 C = Spawn XP percentage of total XP
 D = Spawn monster count
 E = Non-spawn monster count
 F = Spawn count percentage of total count
 G = Total turns spent on level
                    A         B        C        D         E        F      G
               +---------+---------+-------+---------+---------+-------+---------
         Total |       0 |    1480 |   0.0 |       0 |      95 |   0.0 |  4716
               +---------+---------+-------+---------+---------+-------+---------
           D:1 |       0 |      19 |   0.0 |       0 |      11 |   0.0 |   596
           D:2 |       0 |     219 |   0.0 |       0 |      18 |   0.0 |  1043
           D:3 |       0 |      69 |   0.0 |       0 |      25 |   0.0 |   701
           D:4 |       0 |     616 |   0.0 |       0 |      22 |   0.0 |   990
           D:5 |       0 |     466 |   0.0 |       0 |      16 |   0.0 |  1135
           D:6 |       0 |      91 |   0.0 |       0 |       3 |   0.0 |   218
               +---------+---------+-------+---------+---------+-------+---------
